 Dungeon Crawl Stone Soup version 0.26-a0-259-g1effd001a9 (webtiles) character file.

Game seed: 7306620247712041233

24 Apogee the Firebug (level 3, -1/19 HPs)
             Began as a Tengu Fire Elementalist on July 27, 2020.
             Slain by a jackal (2 damage)
             ... on level 2 of the Dungeon.
             The game lasted 00:01:46 (1292 turns).

Apogee the Firebug (Tengu Fire Elementalist)        Turns: 1292, Time: 00:01:46

Health: -1/19      AC:  2    Str:  8    XL:     3   Next: 2%
Magic:  0/7        EV: 12    Int: 16    God:
Gold:   69         SH:  0    Dex: 14    Spells: 5/6 levels left

rFire    . . .     SeeInvis .   i - -1 short sword (curse)
rCold    . . .     Faith    .   (no shield)
rNeg     . . .     Spirit   .   a - +0 robe
rPois    .         Reflect  .   (helmet restricted)
rElec    .         Harm     .   (no cloak)
rCorr    .                      (no gloves)
MR       .....                  (boots unavailable)
Stlth    ++........             (no amulet)
HPRegen  0.06/turn              (no ring)
MPRegen  0.10/turn              (no ring)

@: very slightly contaminated
A: beak, talons 3
a: no special abilities


You were on level 2 of the Dungeon.
You were not hungry.

You visited 1 branch of the dungeon, and saw 2 of its levels.

You collected 69 gold pieces.

Inventory:

Hand Weapons
 i - a cursed -1 short sword (weapon)
   (You found it on level 2 of the Dungeon)
Armour
 a - a +0 robe (worn)
 c - a +0 buckler
   (You found it on level 1 of the Dungeon)
Jewellery
 f - an uncursed ring of protection from magic {unknown}
   (You found it on level 1 of the Dungeon)
Scrolls
 b - 2 scrolls of identify {unknown}
 d - a scroll of enchant armour {unknown}
 h - a scroll of remove curse {unknown}
Potions
 g - a potion of curing {unknown}
Comestibles
 e - 5 rations {!d}


   Skills:
 - Level 2.1 Dodging
 - Level 2.0 Stealth
 + Level 2.4 Spellcasting
 + Level 2.4 Conjurations
 + Level 3.7 Fire Magic


You had 5 spell levels left.
You knew the following spells:

 Your Spells              Type           Power        Failure   Level
a - Foxfire               Conj/Fire      ##..         5%          1

Your spell library contained the following spells:

 Spells                   Type           Power        Failure   Level
 Conjure Flame            Conj/Fire      ##......     17%         3
 Inner Flame              Hex/Fire       #.......     28%         3
 Sticky Flame             Conj/Fire      ##......     50%         4
 Fireball                 Conj/Fire      ##........   83%         5


Dungeon Overview and Level Annotations

Branches:
Dungeon (2/15)

Altars:


Innate Abilities, Weirdness & Mutations

You have a beak for a mouth.
You have claws for feet.


Message History

You conjure some foxfire!
The jackal closely misses you. The jackal barely misses you.
The foxfire hits the jackal. x2; The jackal closely misses you.
You conjure some foxfire!
The foxfire hits the jackal.
The foxfire hits the jackal.
The jackal barely misses you.
You conjure some foxfire!
The jackal barely misses you. The jackal bites you.
The jackal closely misses you.
The foxfire hits the jackal.
You kill the jackal!
The foxfire hits the jackal but does no damage.
The jackal barely misses you.
The jackal bites you but does no damage.
The jackal bites you. x2
* * * LOW HITPOINT WARNING * * *
You conjure some foxfire!
The jackal closely misses you. The jackal completely misses you.
The foxfire hits the jackal. x2
You kill the jackal!
You have reached level 3!
Your experience leads to an increase in your attributes!
Increase (S)trength, (I)ntelligence, or (D)exterity?
You feel clever. The jackal barely misses you. The jackal bites you.
* * * LOW HITPOINT WARNING * * *
There is a stone staircase leading up here.
The jackal bites you.
* * * LOW HITPOINT WARNING * * *
You open the door. The jackal bites you.
* * * LOW HITPOINT WARNING * * *
The jackal bites you but does no damage.
You miscast Foxfire.
You are very lightly contaminated with residual magic.
Nothing appears to happen.
The jackal bites you.
* * * LOW HITPOINT WARNING * * *
There is an open door here.
The jackal barely misses you.
The jackal bites you but does no damage.
You see here a runed short sword.
i - a runed short sword The jackal closely misses you.
It sticks to your hand!
i - a cursed -1 short sword (weapon)
The jackal bites you but does no damage.
You hit the jackal but do no damage. Your kick misses the jackal.
The jackal bites you.
* * * LOW HITPOINT WARNING * * *
You conjure some foxfire!
The jackal bites you.
* * * LOW HITPOINT WARNING * * *
The jackal bites you.
You die...

#.#....#.#.#.#.#
#........#.#.#.# +#
#.......<#.#.#.# ...
####.............# ....
#..........#.#.#######.....#
#.........<#.#.............####
#..........#.###>..............
+..........#...v.............
#..........#####@..#####....
#..........# #hv........# #.
#..........# #.#.#####.####....
####...##### #.#...............
#(.. ##'########.###.## #.....#
#.# ##### #.....#####.# #....
#...........#
#....##.<...#######


You could see a jackal.

Vanquished Creatures
  A leopard gecko (D:1)
  4 hobgoblins (D:1)
  3 jackals (D:2)
  4 kobolds (D:1)
  A ball python (D:1)
  5 bats
  2 rats
20 creatures vanquished.

Vanquished Creatures (others)
  43 foxfires
43 creatures vanquished.

Grand Total: 63 creatures vanquished

Notes
Turn   | Place    | Note
-------+----------+-------------------------------------------
     0 | D:1      | Apogee the Tengu Fire Elementalist began the quest for the
                  | Orb.
     0 | D:1      | Reached XP level 1. HP: 10/10 MP: 4/4
   479 | D:1      | Reached XP level 2. HP: 15/15 MP: 4/6
  1277 | D:2      | Reached XP level 3. HP: 8/19 MP: 0/7
  1292 | D:2      | Slain by a jackal

Illustrated notes

Levels and vault maps discovered:
D:1:      psy_arrival_conway, layout_basic, minmay_stone_trees_medium
D:2:      layout_basic, lemuel_blue_sif_altar, chequers_ecumenical_altar_grove,
          minmay_quadrilaterals, uniq_natasha

Skill      XL: |  1  2 |
---------------+-------+-----
Conjurations   | 2 |  2.4
Dodging        | |  2.1
Stealth        | |  2.0
Spellcasting   | |  2.4
Fire Magic     | |  3.7

Action                   || total
-------------------------++-------
Melee: Unarmed           ||     2
       Short sword       ||     1
 Cast: Foxfire           ||    36
  Eat: Ration            ||     1
Armor: Robe              ||     7
Dodge: Dodged            ||    21

Table legend:
 A = Non-vault XP
 B = Vault XP
 C = Vault XP percentage of total XP
 D = Non-vault monster count
 E = Vault monster count
 F = Vault count percentage of total count
                 A         B        C        D         E       F
            +---------+---------+-------+---------+---------+-------
      Total |      35 |       0 |   0.0 |      20 |       0 |   0.0
            +---------+---------+-------+---------+---------+-------
        D:1 |      26 |       0 |   0.0 |      15 |       0 |   0.0
        D:2 |       9 |       0 |   0.0 |       5 |       0 |   0.0
            +---------+---------+-------+---------+---------+-------
